 Dungeon Crawl Stone Soup version 0.17.0-28-g6e173f8 (webtiles) character file.

6195 R18 the Cruncher (level 10, -1/80 HPs)
             Began as a Deep Dwarf Gladiator on Nov 30, 2015.
             Was a Believer of Ru.
             Slain by a warg (9 damage)
             ... led by an orc knight
             ... on level 1 of the Orcish Mines.
             The game lasted 00:23:38 (8660 turns).

R18 the Cruncher (Deep Dwarf Gladiator)             Turns: 8660, Time: 00:23:38

Health: -1/80      AC: 17    Str: 22      XL:     10   Next: 61%
Magic:  7/7        EV: 10    Int: 11 (13) God:    Ru [**....]
Gold:   869        SH:  0    Dex: 13      Spells: 0 memorised, 9 levels left

rFire  + . .     SeeInvis .     a - +0 quarterstaff
rCold  . . .     Clarity  .     l - +0 plate armour
rNeg   + . .     SustAt   .     (shield currently unavailable)
rPois  .         Gourm    .     c - +2 helmet
rElec  .         Spirit   .     D - +1 cloak
rCorr  .         Warding  .     (no gloves)
rMut   .         Stasis   .     (no boots)
MR     +....                    (no amulet)
Stlth  ..........               J - ring of Cikiuran {+Fly rN+ Str+4 Stlth+}
                                j - ring of protection from fire

@: very slightly contaminated, non-regenerating, hasted, very quick, somewhat
resistant to hostile enchantments, extremely unstealthy
A: damage resistance, recharge devices, sense surroundings 2, slow regeneration
3, no air magic, no necromancy magic, no summoning magic, vulnerability to harm
1
a: Device Recharging, Renounce Religion, Evoke Flight


You were on level 1 of the Orcish Mines.
You worshipped Ru.
Ru was pleased with you.
You were not hungry.

You visited 3 branches of the dungeon, and saw 12 of its levels.

You collected 869 gold pieces.

Inventory:

Hand Weapons
 a - a +0 quarterstaff (weapon)
 b - a +0 arbalest
Missiles
 s - 102 bolts
Armour
 c - a +2 helmet (worn)
 l - a +0 plate armour (worn)
 D - a +1 cloak (worn)
Jewellery
 j - a ring of protection from fire (left hand)
 r - an uncursed ring of flight
 H - an uncursed ring of stealth
 J - the ring of Cikiuran (right hand) {+Fly rN+ Str+4 Stlth+}
   (You found it on level 7 of the Dungeon)

   [ring of flight]

   It affects your strength (+4).
   It protects you from negative energy.
   It lets you fly.
   It makes you more stealthy.
Wands
 e - a wand of heal wounds (0)
 n - a wand of confusion (27)
 t - a wand of hasting (0)
 u - a wand of draining (0)
 v - a wand of flame (0)
 y - a wand of magic darts (25)
Scrolls
 m - 4 scrolls of remove curse
 o - a scroll of enchant weapon
 w - 3 scrolls of amnesia
 x - a scroll of magic mapping
 A - a scroll of random uselessness
 B - a scroll of fog
Potions
 h - 3 potions of brilliance
 k - a potion of resistance
 q - 2 potions of haste
 C - 9 potions of poison
 E - a potion of agility
 F - a potion of flight
 G - 2 potions of lignification
 K - a potion of degeneration
 L - a potion of curing {unknown}
Books
 z - an Akashic Record

   Spells                             Type                      Level
   a - Dispersal                      Translocation                6
   b - Malign Gateway                 Summoning/Translocation      7
   c - Disjunction                    Translocation                8
   d - Controlled Blink               Translocation                8
 I - the Disquisition on Clay
   (You found it on level 8 of the Dungeon)

   Spells                             Type                      Level
   a - Sandblast                      Earth                        1
   b - Stone Arrow                    Conjuration/Earth            3
   c - Statue Form                    Transmutation/Earth          6
Comestibles
 f - 8 bread rations
 g - 4 slices of pizza
 i - 4 meat rations
 p - a royal jelly
 N - 2 beef jerkies


   Skills:
 - Level 1.7 Fighting
 * Level 11.5 Staves
 - Level 1.7 Throwing
 + Level 9.2 Armour
 + Level 7.3 Dodging


You had 9 spell levels left.
You didn't know any spells.

Dungeon Overview and Level Annotations

Branches:
Dungeon (9/15)             Temple (1/1) D:4             Orc (2/4) D:9
   Lair: D:8-11

Altars:
Ashenzari
Cheibriados
Dithmenos
Elyvilon
Fedhas
Gozag
Kikubaaqudgha
Makhleb
Nemelex Xobeh
Okawaru
Qazlal
Ru
Sif Muna
Trog
Vehumet
Xom
Yredelemnul
Zin
The Shining One

Shops:
D:5 %


Innate Abilities, Weirdness & Mutations

You are resistant to damage.
You can recharge devices by infusing magical energy.
You passively map the area around you.
You do not regenerate naturally.
You cannot study or cast Air magic.
You cannot study or cast Necromancy magic.
You cannot study or cast Summoning magic.
You take slightly more damage. (-3 AC)


Message History

Evoke which item? (* to show all) (? for menu, Esc to quit)
Okay, then.
You hit the warg but do no damage.
The warg is stunned by your will and fails to attack.
Unknown command.
You barely miss the warg. The warg bites you but does no damage.
The warg misses you.
Your plate armour prevents you from hitting the warg.
The warg barely misses you.
You hit the warg but do no damage. The warg bites you.
You barely miss the warg. The warg bites you.
* * * LOW HITPOINT WARNING * * *
The warg is stunned by your will and fails to attack.
You hit the warg but do no damage. The warg bites you.
* * * LOW HITPOINT WARNING * * *
You hit the warg but do no damage. The warg closely misses you.
Your plate armour prevents you from hitting the warg.
The warg barely misses you. x2
You barely miss the warg. The warg bites you!
You die...

###...#)..............#
##.##..).[.#...#.......##
##............>[#..#.....#
#..............#)........#
##.##...........#.......##
#####.[).....h........##
##.#.#.....÷.....##
#.....#####h###### ###
##.....#..@h...# #.##
##...##.......#
...#####.....#.......#
#....##....#.#≈≈≈≈≈≈≈#
##....##))÷..#≈≈≈≈≈≈≈#
#.......#....#########
.....................######
......................#.#.##
...........................#


You could see 2 wargs.

Vanquished Creatures
  Joseph (D:7)
  A troll (Orc:1)
  A two-headed ogre (D:6)
  A wraith (D:9)
  A wyvern (D:8)
  7 wargs
  2 wolves (D:9)
  A water moccasin (D:5)
  6 orc warriors
  A swamp drake (D:9)
  A sky beast (D:8)
  2 ice beasts
  3 centaurs
  A necrophage (D:9)
  4 ogres
  A phantom (D:6)
  3 giant frogs
  A water moccasin zombie (D:7)
  3 scorpions
  A wyvern skeleton (D:9)
  2 wights (D:9)
  4 killer bees (D:6)
  4 crimson imps
  4 human zombies (D:9)
  11 orc priests
  A human skeleton (D:9)
  3 jellies
  A giant frog skeleton (D:8)
  6 orc wizards
  6 iguanas
  5 worker ants
  2 hound skeletons
  A worker ant zombie (D:9)
  3 mummies (D:9)
  8 gnolls
  A shadow imp (D:7)
  11 adders
  2 oozes
  3 adder skeletons
  2 worms (D:5)
  2 giant geckos
  48 orcs
  4 giant cockroaches
  5 goblins
  11 hobgoblins
  7 kobolds
  4 quokkas
  7 bats
  A giant newt (D:2)
  2 jackals (D:4)
  A jackal zombie (D:6)
  11 rats
225 creatures vanquished.

Vanquished Creatures (others)
  A wolf (D:9)
  An ice beast (D:6)
  A giant frog (D:6)
  An adder (D:6)
  3 orcs (D:6)
  A goblin (D:9)
8 creatures vanquished.

Grand Total: 233 creatures vanquished

Notes
Turn   | Place    | Note
--------------------------------------------------------------
     0 | D:1      | R18 the Deep Dwarf Gladiator began the quest for the Orb.
     0 | D:1      | Reached XP level 1. HP: 19/19 MP: 1/1
   188 | D:1      | Reached XP level 2. HP: 21/26 MP: 2/2
   652 | D:1      | Reached skill level 1 in Armour
   825 | D:2      | Reached XP level 3. HP: 14/32 MP: 3/3
   984 | D:2      | Reached skill level 4 in Staves
   984 | D:2      | Reached XP level 4. HP: 24/39 MP: 3/3
  1914 | D:3      | Reached XP level 5. HP: 39/45 MP: 4/4
  2163 | D:4      | Found a sparkling altar of Nemelex Xobeh.
  2218 | D:4      | Found a staircase to the Ecumenical Temple.
  2232 | Temple   | Entered the Ecumenical Temple
  2390 | D:4      | Reached skill level 5 in Staves
  2683 | D:5      | Entered Level 5 of the Dungeon
  2809 | D:5      | Found a shimmering altar of Xom.
  2864 | D:5      | Reached XP level 6. HP: 42/52 MP: 5/5
  2913 | D:5      | Noticed a centaur
  2921 | D:5      | Killed a centaur
  2927 | D:5      | Reached skill level 6 in Staves
  3090 | D:5      | Found Soesoan's Food Shoppe.
  3112 | D:5      | Noticed a water moccasin
  3122 | D:5      | Killed a water moccasin
  3122 | D:5      | Reached XP level 7. HP: 26/58 MP: 6/6
  3343 | D:5      | Found a shimmering altar of Xom.
  3507 | D:6      | Found a sacrificial altar of Ru.
  3634 | D:6      | Reached skill level 7 in Staves
  3686 | D:7      | Noticed Joseph
  3708 | D:6      | HP: 2/58 [ice beast (6)]
  3716 | D:6      | Reached skill level 5 in Armour
  4094 | D:6      | Noticed a two-headed ogre
  4102 | D:6      | Killed a two-headed ogre
  4102 | D:6      | Reached XP level 8. HP: 48/66 MP: 7/7
  4114 | D:6      | Reached skill level 8 in Staves
  4664 | D:7      | Reached skill level 9 in Staves
  4759 | D:6      | Became a worshipper of Ru the Awakened
  4821 | D:7      | Found a shattered altar of Ashenzari.
  4966 | D:7      | Gained mutation: You passively map the area around you. [Deep Dwarf growth]
  4966 | D:7      | Reached XP level 9. HP: 30/73 MP: 8/8
  5012 | D:7      | Got a fine marble ring
  5014 | D:7      | Identified the ring of Cikiuran {+Fly rN+ Str+4 Stlth+} (You found it on level 7 of the Dungeon)
  5251 | D:7      | Killed Joseph
  5746 | D:8      | Reached skill level 5 in Dodging
  5839 | D:8      | Identified the Disquisition on Clay
  5912 | D:8      | Reached skill level 10 in Staves
  6217 | D:8      | Gained mutation: You cannot study or cast Air magic. [Ru sacrifice]
  6217 | D:8      | Gained mutation: You cannot study or cast Necromancy magic. [Ru sacrifice]
  6217 | D:8      | Gained mutation: You cannot study or cast Summoning magic. [Ru sacrifice]
  6217 | D:8      | Reached * piety under Ru
  6523 | D:9      | Found a glowing silver altar of Zin.
  6888 | D:9      | Found an ancient bone altar of Kikubaaqudgha.
  6999 | D:9      | Reached XP level 10. HP: 60/80 MP: 8/8
  7616 | D:9      | Found a staircase to the Orcish Mines.
  7925 | Orc:1    | Entered Level 1 of the Orcish Mines
  8155 | Orc:1    | Reached skill level 11 in Staves
  8571 | Orc:2    | Gained mutation: You take slightly more damage. (-3 AC) [Ru sacrifice]
  8571 | Orc:2    | Reached ** piety under Ru
  8618 | Orc:2    | Noticed an orc knight
  8660 | Orc:1    | Slain by a warg

Action                   |  1- 3 |  4- 6 |  7- 9 | 10-12 || total
-------------------------+-------+-------+-------+-------++-------
Melee: Quarterstaff      |   106 |   261 |   573 |   276 ||  1216
 Fire: Arbalest          |       |       |    26 |    32 ||    58
Throw: Throwing net      |       |       |     3 |       ||     3
Invok: Sacrifice Arcana  |       |       |     1 |       ||     1
       Sacrifice Health  |       |       |       |     1 ||     1
 Abil: Device Recharging |     1 |       |     1 |     1 ||     3
Evoke: Wand              |     1 |     7 |    36 |    13 ||    57
  Use: Scroll            |       |    12 |    10 |     2 ||    24
       Potion            |       |     6 |     6 |     1 ||    13
 Stab: Distracted        |       |     1 |       |       ||     1
       Held in net/web   |       |       |     2 |       ||     2
  Eat: Chunk             |       |     8 |    10 |     2 ||    20
       Pizza             |       |       |     1 |     1 ||     2
       Fruit             |       |       |     2 |       ||     2
       Beef jerky        |       |       |       |     2 ||     2
